 Dungeon Crawl Stone Soup version 0.14.1-24-gbdbe590 (webtiles) character file.

327 Kenran the Cudgeler (level 5, -2/32 HPs)
             Began as a Gargoyle Fighter on June 19, 2014.
             Was an Initiate of Okawaru.
             Killed from afar by Natasha (8 damage)
             ... with a magic dart
             ... on Level 5 of the Dungeon.
             The game lasted 00:08:07 (2513 turns).

Kenran the Cudgeler (Gargoyle Fighter)              Turns: 2513, Time: 00:08:08

HP  -2/32        AC  0     Str 19      XL: 5   Next: 60%
MP   5/5         EV 17     Int  9      God: Okawaru [......]
Gold 147         SH  0     Dex 10      Spells:  0 memorised,  4 levels left

rFire  . . .     SeeInvis .     l - melded +0 whip (elec)
rCold  . . .     Clarity  .     u - melded +2 scale mail {rF+}
rNeg   + . .     Conserve .     c - melded +0 shield
rPois  +         rCorr    .     m - melded +2 hat
rElec  .         rRot     +     (cloak currently unavailable)
SustAb . .       Spirit   .     j - melded +2 pair of gloves
rMut   .         Warding  .     (boots currently unavailable)
Saprov . . .     Stasis   .     (amulet currently unavailable)
MR     .....                    (ring currently unavailable)
                                (ring currently unavailable)

@: porcupine-form (expiring), quick, not resistant to hostile enchantments,
unstealthy
A: life protection 1, (electricity resistance), (unbreathing), petrification
resistance, AC +4
a: Renounce Religion


You were on level 5 of the Dungeon.
You worshipped Okawaru.
Okawaru was noncommittal.
You were not hungry.
You were a porcupine.
You visited 2 branches of the dungeon, and saw 6 of its levels.

You collected 147 gold pieces.

Inventory:

Hand weapons
 a - a +1,+0 flail
 l - a +0,+0 whip of electrocution (melded)
Armour
 b - a +0 scale mail
 c - a +0 shield (melded)
 j - a +2 pair of gloves (melded)
 m - a +2 hat (melded)
 u - a +2 scale mail of fire resistance (melded)
Magical devices
 n - a wand of draining (6) {unknown}
Comestibles
 d - 3 bread rations
Scrolls
 q - 2 scrolls of magic mapping
 s - a scroll of teleportation
 v - 2 scrolls of blinking
Jewellery
 p - an uncursed ring of fire
 t - an uncursed ring of sustain abilities {unknown}
Potions
 e - 2 potions of might
 f - a potion of brilliance {unknown}
 h - a potion of resistance {unknown}
 i - a potion of restore abilities {unknown}
 k - a potion of cure mutation {unknown}
 o - a potion of heal wounds {unknown}
 r - a potion of magic {unknown}


   Skills:
 - Level 3.2 Fighting
 + Level 6.2 Maces & Flails
 - Level 3.2 Armour
 - Level 3.2 Shields


You had 4 spell levels left.
You didn't know any spells.

Dungeon Overview and Level Annotations

Branches:
Dungeon (5/15)             Temple (1/1) D:4

Altars:
Ashenzari
Dithmenos
Elyvilon
Fedhas
Kikubaaqudgha
Nemelex Xobeh
Okawaru
Trog
Vehumet
Yredelemnul
Zin
The Shining One

Annotations:
D:4 Menkaure
D:5 Natasha


Innate Abilities, Weirdness & Mutations

You are resistant to torment.
You are immune to poison.
You are immune to rotting.
((Your stone body is very resilient (AC +4).))*
You resist negative energy.
((You are resistant to electric shocks.))*
((You can survive without breathing.))*
You are immune to petrification.


Message History

Natasha claws you!
You hit Natasha but do no damage.
Natasha is severely wounded.
You feel yourself speed up.
The crimson imp is struck by your spines.
The crimson imp hits you.
* * * LOW HITPOINT WARNING * * *
Natasha claws you.
* * * LOW HITPOINT WARNING * * *
Drink which item? (? for menu, Esc to quit)
You feel better. The crimson imp closely misses you.
Natasha casts a spell at you. The magic dart hits you!
* * * LOW HITPOINT WARNING * * *
You miss Natasha.
Natasha is severely wounded.
The crimson imp misses you.
Natasha stares at you and mumbles some strange words.
The magic dart hits you!
You die...

### ..# ... #.# #)#
#.# #.#
#####h###.#####
#.####...r5.?.......
#......#######.#####
######.# #.#
########.# #.#
#........# #.#
..######.# #.# #.#
#.########
#.#######........#
#.........######.#


You could see Natasha and a crimson imp.

Vanquished Creatures
  A scorpion (D:3)
  2 worker ants
  2 adders (D:4)
  A giant eyeball (D:4)
  3 giant geckos
  5 orcs
  2 ball pythons
  2 bats (D:3)
  10 goblins
  7 hobgoblins
  3 jackals (D:3)
  A quokka (D:2)
  A giant cockroach (D:2)
  4 giant newts
  A giant newt skeleton (D:4)
  3 kobolds
  5 rats
53 creatures vanquished.

Notes
Turn   | Place    | Note
--------------------------------------------------------------
     0 | D:1      | Kenran, the Gargoyle Fighter, began the quest for the Orb.
     0 | D:1      | Reached XP level 1. HP: 14/14 MP: 1/1
   434 | D:2      | Reached XP level 2. HP: 19/19 MP: 2/2
   974 | D:3      | Reached XP level 3. HP: 23/23 MP: 3/3
  1163 | D:3      | Reached skill level 4 in Maces & Flails
  1814 | D:4      | Noticed a scorpion
  1835 | D:3      | Killed a scorpion
  1835 | D:3      | Reached skill level 5 in Maces & Flails
  1835 | D:3      | Reached XP level 4. HP: 8/28 MP: 4/4
  1853 | D:3      | Reached XP level 5. HP: 12/32 MP: 5/5
  2066 | D:4      | Found a staircase to the Ecumenical Temple.
  2082 | Temple   | Entered the Ecumenical Temple
  2139 | Temple   | Became a worshipper of Warmaster Okawaru
  2173 | D:4      | Reached skill level 6 in Maces & Flails
  2174 | D:4      | Paralysed by a giant eyeball for 4 turns
  2181 | D:4      | Paralysed by a giant eyeball for 3 turns
  2297 | D:4      | Noticed Menkaure
  2316 | D:5      | Entered Level 5 of the Dungeon
  2383 | D:5      | Found a sparkling altar of Nemelex Xobeh.
  2500 | D:5      | Noticed Natasha
  2513 | D:5      | Killed from afar by Natasha

Action                   |  1- 3 |  4- 6 || total
-------------------------+-------+-------++-------
Melee: Flail             |   130 |    24 ||   154
       Whip              |       |    29 ||    29
       Unarmed           |       |     8 ||     8
  Use: Scroll            |     8 |     1 ||     9
       Potion            |       |     3 ||     3
